 Dungeon Crawl Stone Soup version 0.24-a0-333-g864f2b5 (webtiles) character file.

Game seed: 8439740772422842522

94123 Borgoz the Nimble (level 15, -15/129 HPs)
             Began as a Minotaur Gladiator on May 17, 2019.
             Was a High Priest of Ashenzari.
             Blown up by an orb spider (26 damage)
             ... with an orb of destruction
             ... on level 1 of the Spider Nest on May 18, 2019.
             The game lasted 01:16:29 (25712 turns).

Borgoz the Nimble (Minotaur Gladiator)             Turns: 25712, Time: 01:16:30

Health: -15/129    AC: 28    Str: 19    XL:     15   Next: 62%
Magic:  6/6        EV: 17    Int: 10    God:    Ashenzari [*****.]
Gold:   1945       SH:  0    Dex: 18    Spells: 18/22 levels left

rFire    . . .     SeeInvis +   I - +7 quick blade of Strategic Superiority {antimagic, *Contam +Fly MR- Stlth+} (curse)
rCold    . . .     Gourm    .   (no shield)
rNeg     . . .     Faith    .   N - +7 chain mail "Rerph" {MR++}
rPois    +         Spirit   .   c - +0 hat
rElec    .         Reflect  .   W - +2 cloak "Fith" {Int+5}
rCorr    .         Harm     .   t - +0 pair of gloves
MR       +++..     Clarity  +   L - +0 pair of boots
Stlth    +.........             i - amulet of rage
HPRegen  0.31/turn              M - ring of protection from magic
MPRegen  0.10/turn              b - ring of poison resistance

@: lethally poisoned (-15 -> -15)
A: retaliatory headbutt, horns 2, talons 1, rugged brown scales 1, frail 1
a: Curse Item, Scrying, Transfer Knowledge, Renounce Religion, Evoke Berserk
Rage, Evoke Flight


You were on level 1 of the Spider Nest.
You worshipped Ashenzari.
Ashenzari was extremely pleased with you.
You were not hungry.

You visited 4 branches of the dungeon, and saw 23 of its levels.
You also visited: Volcano.

You collected 1945 gold pieces.

Inventory:

Hand Weapons
 q - a +0 rapier
 I - the cursed +7 quick blade of Strategic Superiority (weapon) {antimagic, *Contam +Fly MR- Stlth+}
   (You acquired it on level 8 of the Dungeon)

   It reduces the magical energy of the wielder, and disrupts the spells and
   magical abilities of those hit.
   Natural abilities and divine invocations are not affected.
   It affects your resistance to hostile enchantments.
   It lets you fly.
   It causes magical contamination when unequipped.
   It makes you more stealthy.
   It has a curse placed upon it.
Missiles
 R - a throwing net (quivered)
Armour
 c - a +0 hat (worn)
 s - +0 fire dragon scales
 t - a +0 pair of gloves (worn)
 D - a +4 ring mail of poison resistance
 L - a +0 pair of boots (worn)
 N - the +7 chain mail "Rerph" (worn) {MR++}
   (You found it on level 5 of the Lair of Beasts)

   It affects your resistance to hostile enchantments.
 P - +0 steam dragon scales
 W - the +2 cloak "Fith" (worn) {Int+5}
   (You found it on level 6 of the Lair of Beasts)

   It affects your intelligence (+5).
Jewellery
 b - a ring of poison resistance (right hand)
 i - an amulet of rage (around neck)
 o - an uncursed ring of protection from cold
 w - a +4 ring of intelligence
 C - an uncursed ring of protection from magic
 F - an uncursed amulet of regeneration
 M - a ring of protection from magic (left hand)
 U - an uncursed ring of ice
Wands
 k - a wand of disintegration (23)
 m - a wand of enslavement (6)
 n - a wand of paralysis (11)
 x - a wand of acid (5)
 z - a wand of digging (5)
 A - a wand of iceblast (14)
Scrolls
 e - a scroll of identify
 g - 8 scrolls of remove curse
 r - 2 scrolls of fear
 B - 9 scrolls of teleportation
 K - a scroll of holy word
 Q - a scroll of enchant armour
 S - 3 scrolls of silence
Potions
 a - a potion of lignification
 h - 4 potions of curing
 j - 3 potions of might
 p - 2 potions of mutation
 u - 2 potions of degeneration {unknown}
 v - a potion of resistance
 y - 4 potions of agility
 G - 2 potions of flight
 H - a potion of ambrosia
 J - a potion of cancellation {unknown}
 T - a potion of berserk rage {unknown}
 V - a potion of magic
 Y - 3 potions of haste
Comestibles
 d - 5 chunks of flesh
 f - 47 rations


   Skills:
 * Level 14.6 Fighting
 - Level 13.4(17.0) Short Blades
 - Level 2.0 Throwing
 * Level 14.4 Armour
 * Level 14.9 Dodging
 - Level 5.0 Stealth
 + Level 4.2 Spellcasting
 + Level 4.2 Hexes
 + Level 6.7 Evocations


You had 18 spell levels left.
You knew the following spells:

 Your Spells              Type           Power        Failure   Level  Hunger
a - Confusing Touch       Hex            ##....       26%         1    #......
b - Confuse               Hex            ##......     61%         3    ###....

Your spell library contained the following spells:

 Spells                   Type           Power        Failure   Level  Hunger
 Animate Skeleton         Necr           N/A          83%         1    #......
 Apportation              Tloc           #.....       83%         1    #......
 Beastly Appendage        Tmut           #.....       83%         1    #......
 Freeze                   Ice            #...         83%         1    #......
 Pain                     Necr           #...         83%         1    #......
 Summon Small Mammal      Summ           #...         83%         1    #......
 Sticks to Snakes         Tmut           #.......     92%         2    ##.....
 Throw Frost              Conj/Ice       #.....       92%         2    ##.....
 Gell's Gravitas          Tloc           #.........   99%         3    ###....
 Ozocubu's Armour         Chrm/Ice       #.......     99%         3    ###....
 Regeneration             Chrm/Necr      #.........   99%         3    ###....
 Spider Form              Tmut/Pois      #.........   99%         3    ###....
 Vampiric Draining        Necr           #.........   99%         3    ###....
 Animate Dead             Necr           N/A          100%        4    #####..
 Ice Form                 Ice/Tmut       #.......     100%        4    #####..
 Petrify                  Tmut/Erth      #.......     100%        4    #####..
 Summon Ice Beast         Ice/Summ       #.......     100%        4    #####..
 Throw Icicle             Conj/Ice       #.......     100%        4    #####..
 Blade Hands              Tmut           #.........   100%        5    ######.
 Irradiate                Conj/Tmut      #.........   100%        5    ######.
 Metabolic Englaciation   Hex/Ice        #.........   100%        5    ######.
 Yara's Violent Unravell  Hex/Tmut       #.........   100%        5    ######.
 Hydra Form               Tmut           #.........   100%        6    #######
 Statue Form              Tmut/Erth      #........    100%        6    #######
 Dragon Form              Tmut           #.........   100%        7    #######


Dungeon Overview and Level Annotations

Branches:
Dungeon (15/15)            Temple (1/1) D:7            Lair (6/6) D:8
  Swamp (0/4) Lair:2       Spider (1/4) Lair:3        Slime (0/5) Lair:6
    Orc (0/2) D:10         Vaults (0/5) D:13         Depths (0/5) D:15

Altars:
Ashenzari
Cheibriados
Dithmenos
Elyvilon
Fedhas
Gozag
Hepliaklqana
Kikubaaqudgha
Makhleb
Nemelex Xobeh
Okawaru
Qazlal
Ru
Sif Muna
Trog
Uskayaw
Vehumet
Wu Jian
Xom
Yredelemnul
Zin
The Shining One

Shops:
D:5 %   D:11 :


Innate Abilities, Weirdness & Mutations

You reflexively headbutt those who attack you in melee.
You have a pair of horns on your head.
You have sharp toenails.
You are partially covered in rugged brown scales. (AC +1, +3% HP)
You are frail. (-10% HP)


Message History

The hornet closely misses you. You furiously retaliate!
You headbutt the hornet. You hit the hornet. You headbutt the hornet.
The hornet is moderately wounded.
You hit the hornet. Your headbutt misses the hornet.
The hornet is heavily wounded.
The hornet completely misses you. You furiously retaliate!
You headbutt the hornet, but do no damage.
Your chain mail "Rerph" prevents you from hitting the hornet.
You headbutt the hornet!
You kill the hornet!
You see here a hornet corpse.
The orb spider pulsates with a strange energy.
You feel sick.
The orb spider weaves a glowing orb of energy.
An orb of destruction comes into view.
You feel sick.
The orb spider spins a strand of pure energy.
The orb of destruction hits you!!
You die...

, ##...............## ,
###......○s.....# *
#.......○.#######
##....†..°.....## *
*#........○......# ,
,*#.###......s.......# ,
#..#^.......○....#^.#
,,#...........☼..#.####
,##..........†@.####
#..............### ..
#................###
...#................#.##
...##.........#........#
).............#........#
.....(........#.......##
#...........###.......#
#.......##^.#.#.....###


You could see an emperor scorpion and an orb spider.

Vanquished Creatures
  Jorgrun (D:15)
  Roxanne (D:15)
  Snorg (D:10)
  A fire dragon (Volcano)
  5 hydras
  2 rakshasas (D:14)
  2 ogre magi
  5 centaur warriors
  2 catoblepae
  Erica (D:11)
  A deep troll shaman (Lair:6)
  2 tengu warriors (D:13)
  11 death yaks
  9 two-headed ogres
  A deep elf knight (D:13)
  An iron troll (D:14)
  A skeletal warrior (D:15)
  A deep troll (D:14)
  4 unseen horrors
  2 lindwurms
  2 orb spiders (Spider:1)
  A necromancer (D:15)
  A phantasmal warrior (D:15)
  7 ugly things
  5 deep elf magi
  4 manticores
  4 cyclopes
  12 elephants
  2 molten gargoyles (Volcano)
  6 spiny frogs
  A torpor snail (Lair:5)
  A gargoyle (D:12)
  3 kobold demonologists
  7 komodo dragons
  A demonic crawler (Spider:1)
  5 yaktaurs
  2 freezing wraiths
  A guardian mummy (D:15)
  2 tengu conjurers (D:13)
  A yaktaur skeleton (D:15)
  6 jumping spiders
  2 polar bears
  3 hornets
  8 blink frogs
  3 slime creatures (Lair:6)
  14 trolls
  5 hippogriffs
  A meliai zombie (D:13)
  3 spriggan zombies (D:15)
  2 bog bodies (Lair:2)
  3 redbacks
  3 tarantellas (Spider:1)
  2 water elementals (D:14)
  A spriggan (D:14)
  2 shadows
  2 vampires
  5 basilisks
  56 yaks
  3 wraiths
  4 fire bats (Volcano)
  4 steam dragons
  2 vampire mosquitoes (D:12)
  A hungry ghost (D:14)
  Menkaure (D:4)
  10 swamp worms
  2 hell hounds (Volcano)
  4 water moccasins (Lair:4)
  10 porcupines
  Duvessa (D:7)
  6 orc warriors
  3 black bears
  3 ice beasts
  4 sky beasts
  4 boggarts (D:14)
  12 wolves
  19 centaurs
  11 ogres
  16 crocodiles
  20 bullfrogs
  Blork the orc (D:4)
  5 big kobolds
  A wyvern zombie (D:12)
  2 scorpions
  Dowan (D:7)
  5 killer bees (D:9)
  7 wights (D:13)
  2 electric eels
  2 howler monkeys
  3 centaur zombies
  2 lava snakes (Volcano)
  7 crimson imps
  7 jellies
  A bullfrog zombie (D:12)
  11 orc wizards
  Crazy Yiuf (D:7)
  2 centaur skeletons
  2 hounds
  7 orc priests
  2 bullfrog skeletons
  3 iguanas
  Natasha (D:4)
  8 worker ants
  A hound zombie (D:8)
  A hound skeleton (D:4)
  Robin (D:4)
  4 gnolls (D:6)
  20 adders
  4 shadow imps
  An ooze (D:4)
  An adder skeleton (D:4)
  An adder zombie (D:6)
  3 worms (D:2)
  4 dart slugs
  3 leopard geckos
  43 orcs
  2 ball pythons
  7 giant cockroaches
  17 goblins
  10 hobgoblins
  8 jackals
  30 kobolds
  3 quokkas
  4 bats (D:2)
  5 frilled lizards
  2 jackal skeletons (D:6)
  A leopard gecko zombie (D:7)
  5 rats
  A plant (Lair:1)
648 creatures vanquished.

Vanquished Creatures (others)
  5 fungi
  11 plants
16 creatures vanquished.

Grand Total: 664 creatures vanquished

Notes
Turn   | Place    | Note
-------+----------+-------------------------------------------
     0 | D:1      | Borgoz the Minotaur Gladiator began the quest for the Orb.
     0 | D:1      | Reached XP level 1. HP: 18/18 MP: 0/0
   248 | D:1      | Reached XP level 2. HP: 20/25 MP: 1/1
   950 | D:2      | Reached skill level 1 in Armour
   950 | D:2      | Reached XP level 3. HP: 30/30 MP: 2/2
  1394 | D:2      | Found a sacrificial altar of Ru.
  1517 | D:2      | Reached XP level 4. HP: 36/38 MP: 3/3
  2074 | D:3      | Found a faded altar of an unknown god.
  2080 | D:3      | Reached XP level 5. HP: 17/45 MP: 4/4
  2309 | D:3      | Found a blossoming altar of Fedhas.
  2486 | D:3      | Found a burning altar of Makhleb.
  2487 | D:3      | Found a shimmering altar of Xom.
  2532 | D:3      | Reached skill level 5 in Dodging
  2810 | D:4      | Noticed an ogre
  2820 | D:4      | Killed an ogre
  2820 | D:4      | Reached skill level 5 in Short Blades
  2820 | D:4      | Reached XP level 6. HP: 18/52 MP: 5/5
  3231 | D:4      | Noticed Robin
  3255 | D:4      | Killed Robin
  3464 | D:4      | Noticed Natasha
  3468 | D:4      | Killed Natasha
  3468 | D:4      | Reached XP level 7. HP: 52/59 MP: 6/6
  3715 | D:4      | Noticed Menkaure
  3724 | D:4      | Killed Menkaure
  3727 | D:4      | Noticed Blork the orc
  3733 | D:4      | Killed Blork the orc
  3737 | D:4      | Found a deep blue altar of Sif Muna.
  4003 | D:5      | Entered Level 5 of the Dungeon
  4357 | D:5      | Reached skill level 5 in Fighting
  4357 | D:5      | Reached XP level 8. HP: 54/68 MP: 7/7
  4804 | D:5      | Found Wisioly's Food Shop.
  4997 | D:6      | Found an opulent altar of Gozag.
  5019 | D:6      | Found a hazy altar of Hepliaklqana.
  5020 | D:6      | Found a shadowy altar of Dithmenos.
  5349 | D:7      | Reached skill level 5 in Armour
  5358 | D:7      | Found a glowing golden altar of the Shining One.
  5602 | D:7      | Found a runed translucent door.
  5603 | D:7      | Noticed Crazy Yiuf
  5614 | D:7      | Killed Crazy Yiuf
  5617 | D:7      | Got a pitted mace
  5627 | D:7      | Identified the +9 mace "Wyhaxei" {venom, *Rage rC+++ MP+9
                  | Dex+2} (You found it on level 7 of the Dungeon)
  5757 | D:7      | Noticed Dowan
  5762 | D:7      | Killed Dowan
  5762 | D:7      | Reached XP level 9. HP: 75/75 MP: 8/8
  5762 | D:7      | Noticed Duvessa
  5778 | D:7      | Killed Duvessa
  5904 | D:7      | Found a staircase to the Ecumenical Temple.
  6467 | D:8      | Reached XP level 10. HP: 46/86 MP: 9/9
  6787 | D:8      | Found a staircase to the Lair.
  6996 | Temple   | Entered the Ecumenical Temple
  7002 | Temple   | Became a worshipper of Ashenzari the Shackled
  7304 | D:8      | Identified a scroll of acquirement
  7305 | D:8      | Got the cursed quick blade of Strategic Superiority
                  | {antimagic, *Contam +Fly MR- Stlth+}
  7306 | D:8      | Identified the cursed +7 quick blade of Strategic
                  | Superiority {antimagic, *Contam +Fly MR- Stlth+} (You
                  | acquired it on level 8 of the Dungeon)
  7441 | D:9      | Noticed a two-headed ogre
  7447 | D:9      | Killed a two-headed ogre
  7447 | D:9      | Reached skill level 10 in Short Blades
  7447 | D:9      | Reached skill level 10 in Dodging
  7576 | D:9      | Reached skill level 1 in Stealth
  7598 | D:9      | Reached skill level 1 in Evocations
  7695 | D:9      | Reached * piety under Ashenzari
  7807 | D:9      | Found the +3 hat of Pondering {ponderous, MR+ MP+10 Int+5}
  7977 | D:10     | Entered Level 10 of the Dungeon
  8008 | D:10     | Noticed Snorg
  8028 | D:10     | Killed Snorg
  8370 | D:10     | Found a staircase to the Orcish Mines.
  8528 | D:10     | Noticed an unseen horror
  8592 | D:10     | Killed an unseen horror
  8592 | D:10     | Reached XP level 11. HP: 86/95 MP: 3/11
  8958 | D:11     | Noticed a purple ugly thing
  8982 | D:10     | Killed a purple ugly thing
  9641 | D:11     | Found Joum's Book Boutique.
  9644 | D:11     | Reached ** piety under Ashenzari
  9652 | D:11     | Noticed a two-headed ogre
  9669 | D:11     | Killed a two-headed ogre
  9703 | D:11     | Noticed Erica
  9711 | D:11     | Killed Erica
  9711 | D:11     | Reached skill level 10 in Fighting
  9797 | D:11     | Noticed a two-headed ogre
  9812 | D:11     | Killed a two-headed ogre
  9825 | D:11     | Noticed a centaur warrior
  9826 | D:11     | Noticed a centaur warrior
  9826 | D:11     | Noticed a green ugly thing
  9826 | D:11     | Noticed an unseen horror
 10165 | D:11     | Reached skill level 10 in Armour
 10165 | D:11     | Reached XP level 12. HP: 44/106 MP: 4/13
 10218 | D:11     | Killed a centaur warrior
 10519 | D:11     | Killed a centaur warrior
 10949 | D:12     | Found a shadowy altar of Dithmenos.
 11270 | D:12     | Noticed a seven-headed hydra
 11282 | D:12     | Killed a seven-headed hydra
 11538 | D:12     | Paralysed by a hornet for 3 turns
 11894 | D:12     | Learned a level 1 spell: Confusing Touch
 12128 | D:13     | Noticed a two-headed ogre
 12145 | D:13     | Killed a two-headed ogre
 12339 | D:13     | Noticed a tengu warrior
 12339 | D:13     | Noticed a tengu warrior
 12369 | D:13     | Killed a tengu warrior
 12380 | D:13     | Killed a tengu warrior
 12380 | D:13     | Reached XP level 13. HP: 42/116 MP: 5/15
 12712 | D:13     | Gained mutation: You are clumsy. (Dex -2) [a neqoxec]
 12715 | D:13     | Gained mutation: Your magical capacity is low. (-10% MP) [a
                  | neqoxec]
 12736 | D:13     | Lost mutation: Your magical capacity is low. (-10% MP)
                  | [potion of mutation]
 12736 | D:13     | Lost mutation: You are clumsy. (Dex -2) [potion of
                  | mutation]
 12736 | D:13     | Gained mutation: You are partially covered in rugged brown
                  | scales. (AC +1, +3% HP) [potion of mutation]
 12736 | D:13     | Gained mutation: You are frail. (-10% HP) [potion of
                  | mutation]
 12736 | D:13     | Gained mutation: You have sharp toenails. [potion of
                  | mutation]
 12832 | D:13     | Reached skill level 1 in Spellcasting
 13050 | D:13     | Reached skill level 1 in Hexes
 13428 | D:13     | Reached skill level 5 in Stealth
 13489 | D:13     | Reached skill level 5 in Evocations
 13521 | D:13     | Found a gate to the Vaults.
 13546 | D:13     | Reached *** piety under Ashenzari
 13952 | Lair:1   | Entered Level 1 of the Lair of Beasts
 14647 | Lair:1   | Identified the Incunabulum of Changing
 14657 | Lair:1   | Learned a level 3 spell: Confuse
 15256 | Lair:2   | Reached **** piety under Ashenzari
 15642 | Lair:2   | Found a staircase to the Swamp.
 15857 | Lair:2   | Found a shimmering altar of Xom.
 16117 | Lair:3   | Found a hole to the Spider Nest.
 16182 | Lair:3   | Identified the cursed +1 long sword of the Endless Expanse
                  | {drain, *Rage rF+++ Int+2 Dex+2}
 17056 | Lair:4   | Found a dark tunnel.
 17061 | Volcano  | Entered a volcano
 17403 | Volcano  | Found a radiant altar of Vehumet.
 17463 | Volcano  | Reached XP level 14. HP: 75/118 MP: 2/16
 19391 | Lair:5   | Got the uncursed chain mail "Rerph" {MR++}
 19661 | Lair:6   | Entered Level 6 of the Lair of Beasts
 19796 | Lair:6   | Found a staircase to the Slime Pits.
 19825 | Lair:6   | Reached ***** piety under Ashenzari
 20459 | Lair:6   | Identified the +7 chain mail "Rerph" {MR++} (You found it
                  | on level 5 of the Lair of Beasts)
 21335 | Lair:6   | Got the uncursed cloak "Fith" {Int+5}
 21362 | Lair:6   | Identified the +2 cloak "Fith" {Int+5} (You found it on
                  | level 6 of the Lair of Beasts)
 22709 | D:14     | Reached XP level 15. HP: 127/127 MP: 6/19
 23425 | D:14     | Found a stormy altar of Qazlal.
 23609 | D:15     | Entered Level 15 of the Dungeon
 23970 | D:15     | Found a staircase to the Depths.
 24543 | D:15     | Noticed Jorgrun
 24563 | D:15     | Killed Jorgrun
 24701 | D:15     | Identified Roxanne's Compendium of Shape Shifting
 24701 | D:15     | Noticed Roxanne
 24899 | D:15     | Killed Roxanne
 24926 | D:15     | Identified the cursed +3 quick blade "Cooniewk" {pierce,
                  | Str+3 Dex+3} (You acquired it on level 15 of the Dungeon)
 25418 | Spider:1 | Entered Level 1 of the Spider Nest
 25712 | Spider:1 | Blown up by an orb spider

Levels and vault maps discovered:
D:1:      psy_arrival_radial02, layout_basic
D:2:      layout_rooms, kennysheep_cluttered_room, nicolae_ru_awakened_eye
D:3:      layout_loops_ring, grunt_temple_overflow_champion_of_chaos,
          fedhas_altar_1, chequers_ecumenical_altar_simple,
          kennysheep_generic_room_12
D:4:      layout_loops_corners, tgw_sif, first_ration, uniq_robin,
          uniq_menkaure, uniq_natasha
D:5:      layout_rooms, serial_shops, nicolae_shop_trees
D:6:      layout_rooms, gammafunk_temple_overflow_forgotten, uniq_blork_the_orc
D:7:      cheibrodos_quashed, layout_loops_ring, minmay_temple_entry_poolview,
          nicolae_tso_swordbearing_angel, uniq_crazy_yiuf_cottage, uniq_duvessa
D:8:      hangedman_cross_stitches, layout_rooms, minmay_lair_entry_grove
D:9:      layout_long_grid
D:10:     layout_cave_pools, orc_0_dummy, uniq_snorg
D:11:     minmay_chambers_of_sevens, layout_cave_pools, serial_shops, shop,
          uniq_erica
D:12:     layout_grid_maze, basic_altar
D:13:     layout_basic, hangedman_vaults_entry_quadrant_bands
D:14:     lemuel_troll_bridge, layout_irregular_city, hex_tiny, grunt_pizzeria,
          grunt_qazlal_clouds
D:15:     gammafunk_depths_entry_grave, layout_rooms, uniq_jorgrun, uniq_roxanne
Temple:   eino_wide_crystal_templ
Lair:1:   layout_small_grid, worms_lemuel
Lair:2:   layout_gridlike, nicolae_swamp_entry_splash_gauntlet,
          lemuel_centaur_altar, grunt_megastairs_5, serial_bayou_shore_b,
          serial_bayou_shore_a
Lair:3:   layout_chaotic_city, spider_nest_entry_a
Lair:4:   layout_cave_shapes, nicolae_volcano_entry_s_turn, beast_lair_carwin_5
Lair:5:   layout_regular_city
Lair:6:   grunt_lair_end_beastmaster, layout_gridlike,
          minmay_slime_entry_pillars
Spider:1: layout_spider_delve

Skill      XL: |  1  2  3  4  5  6  7  8  9 10 11 12 13 14 15 |
---------------+----------------------------------------------+-----
Armour         | 1 2 3 4 5 6 8 10 11 12 13 14 | 14.4
Short Blades   | 4 5 6 8 9 10 11 12 13 | 13.4
Dodging        | 4 5 6 8 9 10 11 12 13 14 | 14.9
Fighting       | 3 4 5 6 7 8 10 11 12 13 14 | 14.6
Stealth        | 2 3 4 5 |  5.0
Evocations     | 2 3 4 5 6 |  6.7
Spellcasting   | 2 3 4 |  4.2
Hexes          | 2 3 4 |  4.2
Throwing       | |  2.0

Action                   |  1- 3 |  4- 6 |  7- 9 | 10-12 | 13-15 || total
-------------------------+-------+-------+-------+-------+-------++-------
Melee: Rapier            |    54 |    61 |       |       |       ||   115
       Headbutt          |     7 |    36 |    55 |   235 |   612 ||   945
       Dagger            |       |   105 |   199 |       |       ||   304
       Mace              |       |       |    79 |    11 |       ||    90
       Quick blade       |       |       |       |   846 |  1926 ||  2772
Throw: Throwing net      |       |       |       |    10 |     8 ||    18
 Cast: Confusing Touch   |       |       |       |       |    23 ||    23
Invok: Curse Item        |       |       |       |     2 |       ||     2
 Abil: Evoke Berserk Rag |       |       |       |       |     3 ||     3
Evoke: Wand              |       |     1 |     2 |     7 |    25 ||    35
  Use: Scroll            |       |     5 |     6 |    10 |    12 ||    33
       Potion            |       |       |     3 |    12 |     6 ||    21
 Stab: Distracted        |       |     1 |     1 |       |     3 ||     5
       Held in net/web   |       |       |       |     8 |     8 ||    16
       Sleeping          |       |       |       |     5 |    18 ||    23
       Confused          |       |       |       |       |    28 ||    28
  Eat: Chunk             |     2 |     6 |    10 |    18 |    33 ||    69
       Ration            |       |       |       |       |     4 ||     4
Armor: Leather armour    |     8 |     3 |       |       |       ||    11
       Ring mail         |       |    32 |    63 |   121 |   154 ||   370
       Skin              |       |       |    13 |    35 |    16 ||    64
       Chain mail        |       |       |       |       |   241 ||   241
Dodge: Dodged            |    33 |    75 |   200 |   362 |   762 ||  1432

Table legend:
 A = Non-vault XP
 B = Vault XP
 C = Vault XP percentage of total XP
 D = Non-vault monster count
 E = Vault monster count
 F = Vault count percentage of total count
                 A         B        C        D         E       F
            +---------+---------+-------+---------+---------+-------
      Total |   83599 |   50863 |  37.8 |     485 |     162 |  25.0
            +---------+---------+-------+---------+---------+-------
        D:1 |      25 |       0 |   0.0 |      13 |       0 |   0.0
        D:2 |     125 |       0 |   0.0 |      36 |       0 |   0.0
        D:3 |     117 |      51 |  30.4 |      23 |       2 |   8.0
        D:4 |     475 |     335 |  41.4 |      18 |      14 |  43.8
        D:5 |     374 |       0 |   0.0 |      21 |       0 |   0.0
        D:6 |     465 |       0 |   0.0 |      20 |       0 |   0.0
        D:7 |    1072 |     252 |  19.0 |      15 |       3 |  16.7
        D:8 |     285 |    2431 |  89.5 |       3 |      22 |  88.0
        D:9 |    2464 |       0 |   0.0 |      33 |       0 |   0.0
       D:10 |    4158 |    1101 |  20.9 |      38 |       1 |   2.6
       D:11 |    5886 |    7070 |  54.6 |      28 |      15 |  34.9
       D:12 |    6627 |       0 |   0.0 |      39 |       0 |   0.0
       D:13 |    7734 |    6663 |  46.3 |      33 |      18 |  35.3
       D:14 |    9037 |    4782 |  34.6 |      28 |      14 |  33.3
       D:15 |   13125 |    8491 |  39.3 |      30 |      10 |  25.0
     Lair:1 |    4143 |    1299 |  23.9 |      19 |       8 |  29.6
     Lair:2 |    1224 |    1539 |  55.7 |       3 |      10 |  76.9
     Lair:3 |    4190 |     854 |  16.9 |      21 |       3 |  12.5
     Lair:4 |   12000 |    2265 |  15.9 |      34 |       6 |  15.0
     Lair:5 |    4374 |       0 |   0.0 |      14 |       0 |   0.0
     Lair:6 |    1539 |    9790 |  86.4 |       3 |      23 |  88.5
   Spider:1 |    4160 |       0 |   0.0 |      13 |       0 |   0.0
    Volcano |       0 |    3940 | 100.0 |       0 |      13 | 100.0
            +---------+---------+-------+---------+---------+-------
